 Dungeon Crawl Stone Soup version 0.24-a0-447-ge8da9206dc (webtiles) character file.

Game seed: 2244651229093346872

44 KristoblXynda the Ducker (level 3, 0/19 HPs)
             Began as a Spriggan Berserker on June 25, 2019.
             Was a Follower of Trog.
             Slain by a gnoll
             ... wielding a +0 spear
              (11 damage)
             ... on level 2 of the Dungeon.
             The game lasted 00:01:45 (1748 turns).

KristoblXynda the Ducker (Spriggan Berserker)       Turns: 1748, Time: 00:01:45

Health: 0/19       AC:  3    Str: 14    XL:     3   Next: 41%
Magic:  4/4        EV: 20    Int:  8    God:    Trog [*.....]
Gold:   15         SH:  0    Dex: 15    Spells: 2/2 levels left

rFire    . . .     SeeInvis +   a - +0 short sword
rCold    . . .     Gourm    .   (shield restricted)
rNeg     . . .     Faith    .   b - +0 animal skin
rPois    .         Spirit   .   (helmet restricted)
rElec    .         Reflect  .   f - +0 cloak
rCorr    .         Harm     .   (gloves unavailable)
MR       .....                  (boots unavailable)
Stlth    ++........             (no amulet)
HPRegen  0.06/turn              (no ring)
MPRegen  0.09/turn              (no ring)

@: very quick
A: very small, unfitting armour, see invisible, herbivore, speed 3, slow
metabolism 2
a: Berserk, Renounce Religion


You were on level 2 of the Dungeon.
You worshipped Trog.
Trog was aware of your devotion.
You were not hungry.

You visited 1 branch of the dungeon, and saw 2 of its levels.

You collected 15 gold pieces.

Inventory:

Hand Weapons
 a - a +0 short sword (weapon)
Armour
 b - a +0 animal skin (worn)
 f - a +0 cloak (worn)
Scrolls
 e - 2 scrolls of identify {unknown}
 g - 2 scrolls of teleportation {unknown}
 i - a scroll of remove curse {unknown}
Potions
 d - 3 potions of might {unknown}
 h - a potion of curing {unknown}
 j - a potion of brilliance {unknown}
Comestibles
 c - 2 rations


   Skills:
 + Level 2.8 Fighting
 + Level 3.7 Short Blades
 + Level 5.0 Dodging
 + Level 2.3 Stealth


You had 2 spell levels left.
You didn't know any spells.
Your spell library was empty.

Dungeon Overview and Level Annotations

Branches:
Dungeon (2/15)

Altars:


Innate Abilities, Weirdness & Mutations

You are very small and have problems with some larger weapons.
You are too small for most types of armour.
You have supernaturally acute eyesight. (SInv)
You are a herbivore.
You cover ground extremely quickly.
You need to consume almost no food.


Message History

Trog accepts your kill. 2 gnolls come into view.
The gnoll shouts!
The gnoll moves out of view.
A gnoll is nearby!
A gnoll is nearby!
A dart slug comes into view.
The gnoll shouts!
You hear a shout!
A gnoll comes into view. It is wielding a +0 club.
A rat comes into view.
The dart slug launches a dart at you. The slug dart hits you.
You start resting.
The gnoll is too close now for your liking.
The gnoll hits you with a +0 spear.
You hit the gnoll.
The gnoll is moderately wounded.
The gnoll hits you with a +0 spear!
Ouch! That really hurt!
You die...

###.###K####### ........#..
#.............. .........
###.###.#############......
#.<......)........†....
#..#.############......
#......................
##.#.#############.##.#
#.#.#.g.g.........##..
#.#>#@######..........
#.#.#.# #....###### #.#.#.#
#.......... #.#.#
#.#.####### #.#.# #.#.#
#.######g#.#
#........#.#.###
#####...........
#...........


You could see 2 gnolls.

Vanquished Creatures
  An adder (D:2)
  2 dart slugs
  A leopard gecko (D:1)
  4 bats (D:1)
  4 giant cockroaches
  6 goblins (D:1)
  2 hobgoblins (D:1)
  4 kobolds
  2 frilled lizards (D:1)
  5 rats (D:1)
31 creatures vanquished.

Notes
Turn   | Place    | Note
-------+----------+-------------------------------------------
     0 | D:1      | KristoblXynda the Spriggan Berserker began the quest for
                  | the Orb.
     0 | D:1      | Reached XP level 1. HP: 11/11 MP: 2/2
   530 | D:1      | Reached skill level 1 in Stealth
   571 | D:1      | Reached XP level 2. HP: 16/16 MP: 3/3
  1465 | D:1      | Reached XP level 3. HP: 16/19 MP: 4/4
  1680 | D:2      | Reached skill level 5 in Dodging
  1748 | D:2      | Slain by a gnoll

Levels and vault maps discovered:
D:1:      roderic_octagonal_star, layout_basic
D:2:      layout_basic, lemuel_doored_altar

Skill      XL: |  1  2  3 |
---------------+----------+-----
Stealth        | 1 2 |  2.3
Dodging        | 5 |  5.0
Fighting       | |  2.8
Short Blades   | |  3.7

Action                   || total
-------------------------++-------
Melee: Short sword       ||   133
Invok: Berserk           ||     1
 Stab: Sleeping          ||     3
Armor: Animal skin       ||     6
Dodge: Dodged            ||    99

Table legend:
 A = Non-vault XP
 B = Vault XP
 C = Vault XP percentage of total XP
 D = Non-vault monster count
 E = Vault monster count
 F = Vault count percentage of total count
                 A         B        C        D         E       F
            +---------+---------+-------+---------+---------+-------
      Total |      64 |       0 |   0.0 |      31 |       0 |   0.0
            +---------+---------+-------+---------+---------+-------
        D:1 |      44 |       0 |   0.0 |      27 |       0 |   0.0
        D:2 |      20 |       0 |   0.0 |       4 |       0 |   0.0
            +---------+---------+-------+---------+---------+-------
